 Dungeon Crawl Stone Soup version 0.32-a0-450-g080537f31e (webtiles) character file.

Game seed: 17764650305663828489

461 backslashecho the Ruffian (level 6, -4/93 HPs)
             Began as a Troll Summoner on Feb 23, 2024.
             Splashed by a jelly's acid (8 damage)
             ... on level 5 of the Dungeon.
             The game lasted 00:05:32 (3249 turns).

backslashecho the Ruffian (Troll Summoner)          Turns: 3249, Time: 00:05:32

Health: -4/93      AC: -16   Str: 17    XL:     6   Next: 79%
Magic:  6/6        EV: 10    Int: 11    God:
Gold:   188        SH:  0    Dex: 12    Spells: 6/7 levels left

rFire   . .          .
                       - Unarmed
rCold   + . .        (no shield)
rNeg    . . .        a - +0 robe
rPois   .            (helmet restricted)
rElec   .            (no cloak)
rCorr   .            (gloves unavailable)
SInv    +            (boots unavailable)
Will    .....        (no amulet) Stlth
                     i - ring of protection from cold
HPRegen 1.15/turn    p - ring of see invisible
MPRegen 0.10/turn

%: no passive effects
@: berserking, corroded, very quick
A: large, unfitting armour, claws 3, regeneration 1, shaggy fur 1, tough skin 1
a: no special abilities


You were on level 5 of the Dungeon.
You visited 1 branch of the dungeon, and saw 5 of its levels.

You collected 188 gold pieces.

Inventory:

Hand Weapons
 j - a +0 trident of venom
Armour
 a - a +0 robe (worn)
Jewellery
 i - a ring of protection from cold (left claw)
 p - a ring of see invisible (right claw)
Wands
 m - a wand of iceblast (14)
Scrolls
 f - a scroll of vulnerability {unknown}
 g - a scroll of blinking {unknown}
 h - a scroll of revelation
 n - a scroll of poison {unknown}
 o - a scroll of fear {unknown}
 q - a scroll of enchant weapon {unknown}
Potions
 b - 2 potions of magic
 k - a potion of degeneration {unknown}
 l - a potion of haste {unknown}
 r - a potion of mutation {unknown}


   Skills:
 + Level 4.0 Fighting
 - Level 1.5 Dodging
 - Level 1.0 Stealth
 + Level 4.8 Unarmed Combat
 - Level 1.2 Spellcasting
 - Level 2.9 Summonings


You had 6 spell levels left.
You knew the following spells:

 Your Spells              Type           Power      Damage    Failure   Level
a - Summon Small Mammal   Summ           28%        N/A       10%         1

Your spell library contained the following spells:

 Spells                   Type           Power      Damage    Failure   Level
 Call Imp                 Summ           14%        N/A       14%         2
 Call Canine Familiar     Summ           7%         N/A       28%         3
 Jinxbite                 Hex            0%         N/A       43%         2
 Inner Flame              Hex/Fire       0%         N/A       67%         3
 Summon Blazeheart Golem  Fire/Summ      3%         N/A       86%         4
 Summon Lightning Spire   Summ/Air       3%         N/A       86%         4
 Irradiate                Conj/Alch      0%         3d11      100%        5
 Yara's Violent Unravell  Hex/Alch       0%         3d3       100%        5
 Enfeeble                 Hex            0%         N/A       100%        7
 Ignition                 Fire           0%         3d3       100%        8


Dungeon Overview and Level Annotations

Branches:
Dungeon (5/15)
 Temple: D:4-7

Altars:
Dithmenos

Shops:
D:4 *

Annotations:
D:4 3 runed translucent doors, gosagan's ghost, novice DENe


Innate Abilities, Weirdness & Mutations

You are too large for most types of armour.
You have claws for hands.
Your natural rate of healing is unusually fast.
You are covered in fur. (AC +1)
You have tough skin. (AC +1)


Message History

Your claws burn!
The jelly is moderately wounded.
The jelly hits you. The acid corrodes you!
You are splashed with acid!
You take 11 damage, and have 36/62 hp.
The jelly hits you.
You are splashed with acid!
The orc hits you with a +0 hand axe.
Items here: ))) [ ††.
You take 16 damage, and have 20/62 hp.
MASSIVE DAMAGE!!
You are too injured to fight recklessly!
You are too injured to fight recklessly!
You claw the jelly!
Your claws burn!
The jelly is severely wounded.
The jelly hits you.
You are splashed with acid!
* * * LOW HITPOINT WARNING * * *
You take 9 damage, and have 12/62 hp.
You scratch the jelly but do no damage. The acid corrodes you!
Your claws burn!
* * * LOW HITPOINT WARNING * * *
The jelly is severely wounded.
The jelly hits you.
* * * LOW HITPOINT WARNING * * *
The acid corrodes you!
You are splashed with acid.
* * * LOW HITPOINT WARNING * * *
You take 10 damage, and have 2/62 hp.
Press: ? - help, v - describe, . - travel, g - get item
Here: a jelly (severely wounded)
Items here: ))) [ ††.
The floor.
Press: ? - help, v - describe, . - travel, g - get item
Here: a jelly (severely wounded)
Items here: ))) [ ††.
The floor.
Unknown command.
Unknown command.
Unknown command.
You feel better. The jelly hits you.
* * * LOW HITPOINT WARNING * * *
You are splashed with acid!
* * * LOW HITPOINT WARNING * * *
Unknown command.
A red film seems to cover your vision as you go berserk!
You feel yourself moving faster!
You feel mighty! The jelly hits you.
* * * LOW HITPOINT WARNING * * *
The acid corrodes you!
You are splashed with acid!
You die...

............#
#.######.##..# #.#.#
#.##..# #.#.# #.##..#
#.#.#.# #.##..# #.#.#.#
#.##..# .#####.#.#.#
#.##..#
.......#.#.######.##..#
≈≈...#...#@........#
≈≈...#.J##########
#..#.l.# #....#.#
#.#.....# #≈..#.#
#≈...... #≈....#...
≈≈....# ..


You could see an iguana and a jelly.

Vanquished Creatures
  A phantom (D:5)
  A gnoll sergeant (D:4)
  A hound (D:5)
  3 orc wizards
  7 gnolls
  5 adders
  3 ribbon worms (D:2)
  4 dart slugs (D:1)
  17 orcs
  4 bats
  5 endoplasms
  6 giant cockroaches
  2 goblins
  6 hobgoblins
  9 kobolds
  6 quokkas
  4 ball pythons (D:1)
  7 rats
91 creatures vanquished.

Notes
Turn   | Place    | Note
-------+----------+-------------------------------------------
     0 | D:1      | backslashecho the Troll Summoner began the quest for the
                  | Orb.
     0 | D:1      | Reached XP level 1. HP: 16/16 MP: 1/1
   100 | D:1      | Reached skill level 1 in Unarmed Combat
   102 | D:1      | Reached XP level 2. HP: 26/26 MP: 2/2
   132 | D:1      | Reached skill level 1 in Fighting
   270 | D:1      | Reached XP level 3. HP: 33/33 MP: 3/3
   769 | D:1      | Reached XP level 4. HP: 24/42 MP: 4/4
  1534 | D:3      | Reached XP level 5. HP: 50/50 MP: 5/5
  2117 | D:3      | Found a shadowy altar of Dithmenos.
  2329 | D:4      | Found a runed translucent gate.
  2329 | D:4      | Noticed gosagan's ghost (novice DENe)
  2330 | D:4      | Found a runed translucent gate.
  2334 | D:4      | Found a runed translucent gate.
  2373 | D:4      | Found Puquu's Neck Hole.
  2981 | D:4      | Reached XP level 6. HP: 61/61 MP: 6/6
  3075 | D:5      | Entered Level 5 of the Dungeon
  3247 | D:5      | HP: 2/62 [acid (6)]
  3249 | D:5      | Splashed by a jelly's acid

Illustrated notes

Levels and vault maps discovered:
D:1:      dpeg_arrival_shrine, layout_loops_ring, minmay_indecisive_spiral
D:2:      layout_basic, serial_corexii_hall, corexii_hall_statues_l,
          corexii_hall_statues_l, nicolae_hexahallways
D:3:      layout_basic, general_overflow_altar, minivault_5
D:4:      layout_loops_corners, gammafunk_ghost_split,
          nicolae_shop_sticking_my_neck_out
D:5:      layout_basic, dk_noncrumbling_4, grunt_decor_junction

Skill      XL: |  1  2  3  4  5  6 |
---------------+-------------------+-----
Unarmed Combat | 1 2 3 4 |  4.8
Fighting       | 1 2 3 4 |  4.0
Dodging        | |  1.5
Stealth        | |  1.0
Spellcasting   | |  1.2
Summonings     | |  2.9

Action                     |  1- 3 |  4- 6 || total
---------------------------+-------+-------++-------
  Melee: Unarmed           |    71 |   180 ||   251
         Punch             |       |     1 ||     1
    Use: Potion            |     1 |     3 ||     4
         Scroll            |       |     3 ||     3
   Stab: Sleeping          |     5 |     6 ||    11
 Armour: Robe              |    40 |   117 ||   157
  Dodge: Dodged            |    28 |    71 ||    99

Table legend: (Time is in decaauts)
 A = Elapsed time spent in this place.
 B = Non-inter-level travel time spent in this place.
 C = Inter-level travel time spent in this place.
 D = Time resting spent in this place.
 E = Time spent auto-exploring this place.
 F = Levels seen in this place.
 G = Mean time per level.
                   A        B        C        D        E       F      G
               +--------+--------+--------+--------+--------+-----+--------+
         Total |   3246 |   3028 |    218 |     94 |   2329 |   5 |  649.2 |
       Dungeon |   3246 |   3028 |    218 |     94 |   2329 |   5 |  649.2 |
               +--------+--------+--------+--------+--------+-----+--------+

Top non-repeatable levels by time:
     D:4: 863 daAuts
     D:2: 818 daAuts
     D:1: 785 daAuts
     D:3: 654 daAuts
     D:5: 124 daAuts
